 Dungeon Sprint DCSS version 0.28-a0-410-gbef64dd269 (webtiles) character file.

Game seed: 13312258791623953636

499 dolemite99 the Cleaver (level 7, 0/70 HPs)
             Began as an Ogre Fighter on Sept 6, 2021.
             Killed by divine providence
             ... invoked by an orc priest
              (14 damage)
             ... in the Dungeon (Sprint III: "The Ten Rune Challenge").
             The game lasted 00:01:29 (506 turns).

dolemite99 the Cleaver (Ogre Fighter)                Turns: 506, Time: 00:01:30

Health: 0/70       AC:  3    Str: 23    XL:     7   Next: 16%
Magic:  7/7        EV:  8    Int:  9    God:
Gold:   69         SH:  7    Dex:  8    Spells: 6/6 levels left

rFire   . . .      SeeInvis .   a - +0 war axe
rCold   . . .      Faith    .   c - +0 kite shield
rNeg    . . .      Spirit   .   b - +0 robe
rPois   .          Reflect  .   (helmet restricted)
rElec   .          Harm     .   (no cloak)
rCorr   .          Rampage  .   (gloves unavailable)
Will    .....      NoTele   +   (boots unavailable)
Stlth   +.........              (no amulet)
HPRegen 0.21/turn               (no ring)
MPRegen 0.10/turn               (no ring)

@: hasted, very quick
A: large, unfitting armour, tough skin 1
a: no special abilities


You were in the Dungeon.
You visited 1 branch You collected 69 gold pieces.

Inventory:

Hand Weapons
 a - a +0 war axe (weapon)
Armour
 b - a +0 robe (worn)
 c - a +0 kite shield (worn)
Scrolls
 j - a scroll of blinking
Potions
 d - 3 potions of mutation
 e - 2 potions of curing
 h - 2 potions of magic
 k - a potion of flight


   Skills:
 - Level 4.0 Fighting
 + Level 14.3 Axes
 - Level 2.6 Dodging
 - Level 2.6 Shields


You had 6 spell levels left.
You didn't know any spells.
Your spell library contained the following spells:

 Spells                   Type           Power      Damage    Failure   Level
 Inner Flame              Hex/Fire       0%         N/A       99%         3
 Cause Fear               Hex            0%         N/A       100%        4
 Discord                  Hex            0%         N/A       100%        8


Dungeon Overview and Level Annotations

Branches:
Dungeon (1/1)

Altars:
Kikubaaqudgha
Sif Muna
Vehumet

Annotations:
D exclusion: door, Snorg


Innate Abilities, Weirdness & Mutations

You are too large for most types of armour.
You have tough skin. (AC +1)


Message History

You hit the orc warrior but do no damage.
The orc warrior hits you with a +0 hand axe!
An orc comes into view. It is wielding a +0 hand axe.
You feel yourself speed up. The orc warrior barely misses you.
You slash the orc warrior!
The orc warrior is heavily wounded.
The orc warrior hits you with a +0 hand axe.
An orc warrior comes into view. It is wielding a +2 vorpal halberd.
An orc comes into view. It is wielding a +0 mace.
You barely miss the orc warrior.
The orc warrior is heavily wounded.
You block the orc warrior's attack.
You hit the orc warrior.
The orc warrior is heavily wounded.
An orc comes into view. It is wielding a +0 flail.
The orc warrior hits you with a +0 hand axe!
* * * LOW HITPOINT WARNING * * *
You closely miss the orc warrior.
The orc warrior is heavily wounded.
You slash the orc warrior!
You kill the orc warrior!
Your Axes skill increases to level 13!
You closely miss the orc warrior.
An orc comes into view. It is wielding a +0 flail.
The orc warrior barely misses you.
You slash the orc warrior!
The orc warrior is heavily wounded.
You slash the orc warrior!
You kill the orc warrior!
Snorg shouts!
Your Axes skill increases to level 14!
You have reached level 7!
You closely miss the orc warrior. You closely miss the orc warrior.
The orc warrior hits you with a +0 war axe.
* * * LOW HITPOINT WARNING * * *
You closely miss the orc warrior. You block the orc warrior's attack.
The orc priest mumbles some strange prayers to Beogh against you.
Beogh smites you!
You die...

▓▓▓ ▓▓ ▓ ##.# $#$##
##..# ##$#$$ .#..#
#o...
.#..###+#+###+##oo.
'#..#..........#oo
#...'.⌠........#o#
#...#...######+#o#
....#.⌠.#
#...#@#####
....#...#
#...#.T§§§+
....#)###
#...#.#§§§#
....#.).#
#...'.#.§§#
....#___# +...#.#
§§# ▓▓▓▓▓▓▓▓▓
▓▓▓▓▓▓▓ ▓▓


You could see Snorg, 2 orc warriors, 2 orc priests and 3 orcs.

Vanquished Creatures
  A shadow (D)
  2 orc warriors (D)
  A water elemental (D)
  A jelly (D)
  A wizard (D)
  A human (D)
  A kobold demonologist (D)
  A phantom (D)
  2 endoplasms (D)
  2 rats (D)
13 creatures vanquished.

Notes
Turn   | Place    | Note
-------+----------+-------------------------------------------
     0 | D        | dolemite99 the Ogre Fighter began the quest for the Orb.
     0 | D        | Reached XP level 1. HP: 24/24 MP: 1/1
    12 | D        | Reached skill level 3 in Axes
    94 | D        | Reached skill level 5 in Axes
    94 | D        | Reached XP level 2. HP: 32/32 MP: 2/2
    98 | D        | Reached skill level 6 in Axes
    98 | D        | Reached XP level 3. HP: 39/39 MP: 3/3
   107 | D        | Noticed a water elemental
   113 | D        | Killed a water elemental
   114 | D        | Reached skill level 8 in Axes
   114 | D        | Reached XP level 4. HP: 48/48 MP: 4/4
   397 | D        | Found a radiant altar of Vehumet.
   397 | D        | Found a shimmering blue altar of Sif Muna.
   397 | D        | Found an ancient bone altar of Kikubaaqudgha.
   397 | D        | Noticed a wizard
   398 | D        | Killed a wizard
   399 | D        | Reached skill level 9 in Axes
   402 | D        | Reached XP level 5. HP: 54/54 MP: 5/5
   416 | D        | Noticed a shadow
   422 | D        | Killed a shadow
   423 | D        | Reached skill level 12 in Axes
   423 | D        | Reached XP level 6. HP: 49/62 MP: 6/6
   490 | D        | Noticed Snorg
   490 | D        | Noticed an orc warrior
   491 | D        | Noticed an orc warrior
   491 | D        | Noticed an orc warrior
   496 | D        | Noticed an orc warrior
   500 | D        | Killed an orc warrior
   501 | D        | Reached skill level 13 in Axes
   503 | D        | Killed an orc warrior
   504 | D        | Reached skill level 14 in Axes
   504 | D        | Reached XP level 7. HP: 20/70 MP: 7/7
   506 | D        | Killed from afar by an orc priest

Illustrated notes

Levels and vault maps discovered:
D:        dungeon_sprint_mu [sprint_mu_entry_cave, sprint_mu_temple_rooms,
          sprint_mu_d1_horrors, sprint_mu_d2_genie, sprint_mu_d3_branching,
          sprint_mu_orc_legion, sprint_mu_elf_gauntlet, sprint_mu_hive_nellie,
          sprint_mu_lair_fedhas, sprint_mu_vaults_butterflies,
          sprint_mu_slime_circle, sprint_mu_shoals_kraken,
          sprint_mu_snake_twists, sprint_mu_blade_basic, sprint_mu_crypt_lich,
          sprint_mu_tomb_spiral, sprint_mu_vestibule_basic,
          sprint_mu_gehenna_hellfire, sprint_mu_dis_giant,
          sprint_mu_tartarus_statrot, sprint_mu_cocytus_islands, sprint_mu_zot1]

Skill      XL: |  1  2  3  4  5  6 |
---------------+-------------------+-----
Axes           | 5 6 8 9 12 14 | 14.3
Fighting       | |  4.0
Dodging        | |  2.6
Shields        | |  2.6

Action                   |  1- 3 |  4- 6 |  7- 9 || total
-------------------------+-------+-------+-------++-------
Melee: War axe           |    19 |    19 |     3 ||    41
  Use: Potion            |     3 |     2 |       ||     5
       Scroll            |       |     4 |       ||     4
 Stab: Sleeping          |     1 |       |       ||     1
Armor: Robe              |     3 |     1 |       ||     4
Dodge: Dodged            |     5 |     3 |       ||     8
Block: Kite shield       |     5 |     4 |     1 ||    10

Table legend: (Time is in decaauts)
 A = Elapsed time spent in this place.
 B = Non-inter-level travel time spent in this place.
 C = Inter-level travel time spent in this place.
 D = Time resting spent in this place.
 E = Time spent auto-exploring this place.
 F = Levels seen in this place.
 G = Mean time per level.
                   A        B        C        D        E       F      G
               +--------+--------+--------+--------+--------+-----+--------+
         Total |    520 |    520 |      0 |    312 |     65 |   1 |  520.0 |
       Dungeon |    520 |    520 |      0 |    312 |     65 |   1 |  520.0 |
               +--------+--------+--------+--------+--------+-----+--------+

Top non-repeatable levels by time:
       D: 520 daAuts
